 Dungeon Crawl Stone Soup version 0.25-a0-690-g234afa57d4 (webtiles) character file.

Game seed: 13517170861595499969, levelgen mode: deterministic

679 n0claF the Chopper (level 7, -1/63 HPs)
             Began as a Hill Orc Monk on Mar 30, 2020.
             Was a Believer of Beogh.
             Splashed by a jelly's acid (9 damage)
             ... on level 6 of the Dungeon.
             The game lasted 00:12:34 (5297 turns).

n0claF the Chopper (Hill Orc Monk)                  Turns: 5297, Time: 00:12:35

Health: -1/63      AC: -1    Str: 16    XL:     7   Next: 60%
Magic:  7/7        EV: 13    Int: 10    God:    Beogh [**....]
Gold:   109        SH:  0    Dex: 17    Spells: 6/6 levels left

rFire    . . .     SeeInvis +   q - +4 short sword
rCold    . . .     Gourm    .   (no shield)
rNeg     . . .     Faith    .   u - +1 leather armour of Tender Moments {rPois Dex+4}
rPois    +         Spirit   .   (no helmet)
rElec    .         Reflect  .   (no cloak)
rCorr    .         Harm     .   (no gloves)
MR       .....                  (no boots)
Stlth    ++........             (no amulet)
HPRegen  0.20/turn              w - +2 ring of protection
MPRegen  0.10/turn              z - ring of see invisible

@: corroded
A: poison resistance, sturdy frame 1
a: Smiting, Renounce Religion


You were on level 6 of the Dungeon.
You worshipped Beogh.
Beogh was pleased with you.
You were not hungry.

You visited 1 branch of the dungeon, and saw 6 of its levels.

You collected 186 gold pieces.
You spent 77 gold pieces at shops.

Inventory:

Hand Weapons
 a - a +0 hand axe
 l - a +1 flail of venom
   (You found it on level 4 of the Dungeon)
 q - a +4 short sword (weapon)
   (You found it on level 4 of the Dungeon)
Armour
 o - a +1 ring mail
   (You found it on level 3 of the Dungeon)
 u - the +1 leather armour of Tender Moments (worn) {rPois Dex+4}
   (You found it on level 5 of the Dungeon)

   It affects your dexterity (+4).
   It protects you from poison.
Jewellery
 m - an uncursed ring of wizardry
   (You found it on level 2 of the Dungeon)
 n - an uncursed amulet of faith {!P}
   (You found it on level 4 of the Dungeon)
 w - a +2 ring of protection (left hand)
   (You took it off an orc on level 5 of the Dungeon)
 z - a ring of see invisible (right hand)
   (You found it on level 3 of the Dungeon)
Wands
 c - a wand of disintegration (4) {!d}
   (You found it on level 4 of the Dungeon)
 t - a wand of flame (14)
   (You took it off Ijyb on level 5 of the Dungeon)
Scrolls
 d - a scroll of remove curse {@r2}
 h - a scroll of fear {unknown}
 i - a scroll of magic mapping
 p - a scroll of amnesia {unknown}
 s - a scroll of teleportation {@r4}
 x - a scroll of identify {@r1}
Potions
 b - a potion of flight {unknown}
 f - a potion of might {unknown}
 g - a potion of lignification {!q}
 j - a potion of mutation {!q}
 k - 2 potions of curing {unknown}
 r - 2 potions of ambrosia
Comestibles
 e - 5 rations {!d}


   Skills:
 + Level 6.0 Fighting
 * Level 3.9 Short Blades
 - Level 6.5 Axes
 + Level 4.1 Armour
 - Level 2.4 Dodging
 - Level 1.5 Stealth


You had 6 spell levels left.
You didn't know any spells.
Your spell library was empty.

Dungeon Overview and Level Annotations

Branches:
Dungeon (6/15)             Temple (0/1) D:4

Altars:
Qazlal
Vehumet
Wu Jian

Shops:
D:4 ?

Annotations:
D:4 3 runed translucent doors, Scuka's ghost, amateur DsGl


Innate Abilities, Weirdness & Mutations

Your system is resistant to poisons. (rPois)
Your movements are slightly less encumbered by armour. (ER -2)


Message History

Found a ration.
There is an open door here.
e - 5 rations {!d} (gained 1)
You open the door.
Found 25 stones.
There is an open door here.
Found 11 gold pieces.
An ice beast comes into view.
Okay, then.
Found a stone staircase leading down.
Found a ration.
Found 14 gold pieces.
You hit the ice beast but do no damage.
The ice beast hits you but does no damage.
You hit the ice beast.
The ice beast hits you but does no damage.
You hit the ice beast.
A jelly comes into view.
You barely miss the ice beast. The ice beast barely misses you.
You hit the ice beast. The ice beast barely misses you.
You hit the ice beast. The ice beast barely misses you.
You hit the ice beast.
The ice beast hits you but does no damage.
You hit the ice beast but do no damage. The ice beast hits you.
The ice beast freezes you!
You hit the ice beast. The ice beast misses you.
You hit the ice beast.
You kill the ice beast!
Beogh accepts your kill.
Your Fighting skill increases to level 6!
Your Armour skill increases to level 4!
The jelly closely misses you.
You hit the jelly. The acid corrodes you!
Your hands burn!
The jelly hits you.
You are splashed with acid!
You hit the jelly. The acid corrodes you!
Your hands burn!
The jelly hits you.
You are splashed with acid!
* * * LOW HITPOINT WARNING * * *
You completely miss the jelly. The jelly hits you.
* * * LOW HITPOINT WARNING * * *
You are splashed with acid!
* * * LOW HITPOINT WARNING * * *
You hit the jelly.
Your hands burn!
* * * LOW HITPOINT WARNING * * *
The jelly closely misses you.
You hit the jelly but do no damage.
Your hands burn!
* * * LOW HITPOINT WARNING * * *
The jelly hits you.
* * * LOW HITPOINT WARNING * * *
You are splashed with acid!
You die...

#. ....# #.
$...##. #%
.......
#.........
#####.........
#.....#.......
#.............
###.....@J......
...............#
##............#
#..(.........#
#.........###.
#.#...$##>..+
#...#### ####
###'# #...#


You could see a jelly.

Vanquished Creatures
  An ice beast (D:6)
  An ogre (D:5)
  A centaur (D:5)
  3 scorpions (D:4)
  A jelly (D:5)
  A crimson imp (D:4)
  2 hounds
  Ijyb (D:5)
  A worker ant (D:5)
  2 adders
  A gnoll (D:4)
  A shadow imp (D:5)
  A worm (D:3)
  2 dart slugs
  A leopard gecko (D:5)
  2 orcs
  11 bats
  A giant cockroach (D:5)
  8 goblins
  10 hobgoblins
  12 jackals
  A quokka (D:2)
  5 frilled lizards
  7 kobolds
  A leopard gecko skeleton (D:4)
  A quokka skeleton (D:4)
  7 rats
86 creatures vanquished.

Vanquished Creatures (others)
  A bullfrog skeleton (D:5)
  A worker ant (D:5)
  An orc wizard (D:5)
  2 orcs (D:5)
5 creatures vanquished.

Grand Total: 91 creatures vanquished

Notes
Turn   | Place    | Note
-------+----------+-------------------------------------------
     0 | D:1      | n0claF the Hill Orc Monk began the quest for the Orb.
     0 | D:1      | Reached XP level 1. HP: 19/19 MP: 1/1
   143 | D:1      | Reached XP level 2. HP: 17/27 MP: 2/2
   169 | D:1      | Reached skill level 1 in Armour
   442 | D:1      | Reached XP level 3. HP: 31/33 MP: 3/3
   918 | D:1      | You fall into a shaft and drop 1 floor!
   928 | D:2      | Reached skill level 5 in Axes
  1435 | D:2      | Reached XP level 4. HP: 40/40 MP: 4/4
  1454 | D:2      | Found an ornate altar of the Wu Jian Council,
  1880 | D:3      | Found a radiant altar of Vehumet,
  2342 | D:4      | Found a staircase to the Ecumenical Temple,
  2407 | D:4      | Found a runed translucent gate,
  2407 | D:4      | Found a runed translucent gate,
  2407 | D:4      | Found a runed translucent gate,
  2409 | D:4      | Noticed Scuka's ghost (amateur DsGl)
  2448 | D:4      | Reached XP level 5. HP: 21/47 MP: 5/5
  2805 | D:4      | Found Qaeja's Magic Scroll Shoppe,
  3090 | D:4      | Bought a scroll of identify for 28 gold pieces
  3090 | D:4      | Bought a scroll of magic mapping for 49 gold pieces
  3280 | D:4      | Reached skill level 5 in Fighting
  3280 | D:4      | Reached XP level 6. HP: 56/56 MP: 6/6
  3460 | D:4      | Reached skill level 1 in Short Blades
  3475 | D:4      | Gained mutation: Your movements are slightly less
                  | encumbered by armour. (ER -2) [potion of mutation]
  3475 | D:4      | Gained mutation: Your system is resistant to poisons.
                  | (rPois) [potion of mutation]
  3500 | D:5      | Entered Level 5 of the Dungeon
  4290 | D:5      | Got a jewelled leather armour
  4301 | D:5      | Identified the cursed +1 leather armour of Tender Moments
                  | {rPois Dex+4} (You found it on level 5 of the Dungeon)
  4527 | D:5      | Became a worshipper of Beogh the Brigand
  4527 | D:5      | Reached * piety under Beogh
  4527 | D:5      | Reached ** piety under Beogh
  4528 | D:5      | Noticed Ijyb
  4536 | D:5      | Killed Ijyb
  4708 | D:5      | Reached XP level 7. HP: 30/62 MP: 7/7
  5069 | D:5      | Found a stormy altar of Qazlal,
  5071 | D:5      | Noticed a fire elemental
  5071 | D:5      | Noticed an air elemental
  5072 | D:5      | Noticed a water elemental
  5297 | D:6      | Splashed by a jelly's acid

Levels and vault maps discovered:
D:1:      eino_arrival_tree_alley, layout_basic, serial_bayou_pond_d,
          minmay_tripent
D:2:      layout_rooms, grunt_decor_arrowhead, lemuel_statue_altar
D:3:      layout_rooms, vehumet_crystals, first_ration
D:4:      minmay_opposing_rooms, layout_basic,
          minmay_temple_entry_drinking_statues, gammafunk_ghost_nasty_kobolds,
          serial_shops, shop, st_stairs_3
D:5:      layout_loops_cross, nicolae_qazlal_style_of_elements,
          nrook_pool_corridor, uniq_ijyb
D:6:      minmay_chambers_of_sixes, layout_basic, lemuel_round_altar,
          elyvilon_altar_3, minmay_gold_behind_fungi, kennysheep_generic_room_9

Skill      XL: |  1  2  3  4  5  6  7 |
---------------+----------------------+-----
Armour         | 1 2 3 4 |  4.1
Fighting       | 4 5 6 |  6.0
Axes           | 5 6 |  6.5
Short Blades   | 3 |  3.9
Dodging        | |  2.4
Stealth        | |  1.5

Action                   |  1- 3 |  4- 6 |  7- 9 || total
-------------------------+-------+-------+-------++-------
Melee: Hand axe          |   140 |    85 |       ||   225
       Short sword       |       |    75 |    30 ||   105
Invok: Convert to Beogh  |       |     1 |       ||     1
  Use: Scroll            |       |     7 |       ||     7
       Potion            |       |     3 |       ||     3
 Stab: Sleeping          |     1 |     5 |       ||     6
       Distracted        |     1 |     1 |       ||     2
  Eat: Chunk             |     2 |     5 |       ||     7
       Ration            |       |     2 |       ||     2
Armor: Robe              |    31 |     2 |       ||    33
       Ring mail         |       |    43 |       ||    43
       Leather armour    |       |    15 |     4 ||    19
Dodge: Dodged            |   125 |   101 |    15 ||   241

Table legend:
 A = Non-vault XP
 B = Vault XP
 C = Vault XP percentage of total XP
 D = Non-vault monster count
 E = Vault monster count
 F = Vault count percentage of total count
                 A         B        C        D         E       F
            +---------+---------+-------+---------+---------+-------
      Total |     755 |     215 |  22.2 |      77 |      11 |  12.5
            +---------+---------+-------+---------+---------+-------
        D:1 |      42 |       3 |   6.7 |      24 |       2 |   7.7
        D:2 |      49 |       0 |   0.0 |      23 |       0 |   0.0
        D:3 |      20 |       0 |   0.0 |      12 |       0 |   0.0
        D:4 |     156 |     155 |  49.8 |       4 |       7 |  63.6
        D:5 |     359 |      57 |  13.7 |      13 |       2 |  13.3
        D:6 |     129 |       0 |   0.0 |       1 |       0 |   0.0
            +---------+---------+-------+---------+---------+-------
